 Dungeon Crawl Stone Soup version 0.30-a0-830-gfe289a77b0 (webtiles) character file.

Game seed: 5720011211069272999

424 Pimp the Trooper (level 6, 0/43 (49) HPs)
             Began as a Demonspawn Berserker on Feb 28, 2023.
             Was a Priest of Trog.
             Slain by a wight
             ... wielding a +5 short sword of freezing
              (1 damage)
             ... on level 4 of the Dungeon.
             The game lasted 00:06:22 (3422 turns).

Pimp the Trooper (Demonspawn Berserker)             Turns: 3422, Time: 00:06:22

HP:   0/43 (49)     AC: 10    Str: 20    XL:     6   Next: 64%
MP:   6/6           EV:  8    Int:  8    God:    Trog [***...]
Gold: 206           SH:  0    Dex: 12    Spells: 5/5 levels left

rFire   . . .      SeeInvis .    a - +0 hand axe
rCold   . . .      Faith    .    (no shield)
rNeg    . . .      Spirit   .    k - +0 chain mail
rPois   .          Reflect  .    (no helmet)
rElec   .          Harm     .    (no cloak)
rCorr   .          Rampage  .    m - +0 pair of gloves
Will    .....                    (no boots) Stlth
                                 (no amulet)
HPRegen 0.27/turn                (no ring)
MPRegen 0.20/turn                (no ring)

@: on berserk cooldown, slowed, heavily drained, very slow
A: claws 2, magic regeneration
a: Renounce Religion, Berserk, Trog's Hand


You were on level 4 of the Dungeon.
You worshipped Trog.
Trog was most pleased with you.
You visited 1 branch of the dungeon, and saw 4 of its levels.

You collected 206 gold pieces.

Inventory:

Hand Weapons
 a - a +0 hand axe (weapon)
Armour
 b - a +0 animal skin
 i - a +0 scale mail
 k - a +0 chain mail (worn)
 m - a +0 pair of gloves (worn)
Jewellery
 d - the ring of Qocaq {Ice Contam Dex+5}
   (You took it off a kobold on level 3 of the Dungeon)

   [ring of ice]

   It enhances your ice magic.
   Dex:       It affects your dexterity (+5).
   rF:        It makes you vulnerable to fire.
   rC:        It protects you from cold.
   Contam:    It causes magical contamination when unequipped.
 h - an amulet of magic regeneration
Scrolls
 g - a scroll of teleportation
 n - a scroll of fog
Potions
 c - a potion of attraction
 e - a potion of lignification {unknown}
 f - a potion of flight {unknown}
 l - 2 potions of mutation {unknown}
 o - a potion of magic {unknown}
 s - 2 potions of curing


   Skills:
 + Level 4.6 Fighting
 + Level 4.1 Axes
 + Level 3.5 Armour
 + Level 3.5 Dodging


You had 5 spell levels left.
You didn't know any spells.
Your spell library was empty.

Dungeon Overview and Level Annotations

Branches:
Dungeon (4/15)
 Temple: D:4-7

Altars:
Hepliaklqana

Shops:
D:3 :


Innate Abilities, Weirdness & Mutations

You have very sharp fingernails.
You regenerate magic rapidly.


Message History

Something unseen opens the door.
The wight completely misses you.
There is an open door here.
You slash the wight!
The wight is heavily damaged.
A wight comes into view.
It is wielding a +5 short sword of freezing.
The wight hits you with a +3 great sword.
* * * LOW HITPOINT WARNING * * *
You feel drained.
You slash the wight!
You destroy the wight!
Trog accepts your kill.
Things that are here:
a +3 great sword; a +0 robe You start resting.
You feel a strong urge to attack something.
You are no longer berserk.
You are exhausted.
You feel yourself slow down.
You start resting.
A wight is nearby!
A mummy, a necrophage and a quokka zombie come into view.
The wight hits you but does no damage.
The mummy moves out of view.
The quokka zombie moves out of view.
There is an open door, spattered with blood here.
You completely miss the wight.
The wight hits you with a +5 short sword of freezing.
* * * LOW HITPOINT WARNING * * *
You feel drained.
* * * LOW HITPOINT WARNING * * *
The wight freezes you.
* * * LOW HITPOINT WARNING * * *
The wight barely misses you.
You hit the wight.
The wight is lightly damaged.
The wight hits you with a +5 short sword of freezing.
* * * LOW HITPOINT WARNING * * *
You feel drained.
* * * LOW HITPOINT WARNING * * *
The wight freezes you.
You die...

### #.######.#
#.####.# #.# #......#
#.#
#.###########.########
#.# #................
#.# #.#8####.########
#.# #'### #)# #.# #
#.####.######.###.# #
#..#)@.).#........####
#..###z###....##......
#.##


+n+ #....##..#### #.## #Z# #....##..# #>.# +.' #...<..... #### #.# ####.......
+.' ####...>. .# .#.#### .#.# You could see a necrophage, a wight and a quokka
zombie.

Vanquished Creatures
  Edmund (D:4)
  2 wights (D:4)
  2 hounds (D:4)
  A gnoll (D:4)
  3 adders
  A worm (D:3)
  A dart slug (D:2)
  10 orcs
  6 ball pythons
  5 endoplasms
  2 giant cockroaches
  17 goblins
  8 hobgoblins
  8 kobolds
  8 quokkas
  7 bats
  4 frilled lizards
  4 rats
90 creatures vanquished.

Vanquished Creatures (collateral kills)
  An orc (D:4)
1 creature vanquished.

Grand Total: 91 creatures vanquished

Notes
Turn   | Place    | Note
-------+----------+-------------------------------------------
     0 | D:1      | Pimp the Demonspawn Berserker began the quest for the Orb.
     0 | D:1      | Reached XP level 1. HP: 18/18 MP: 1/1
   198 | D:1      | Discovered your monstrous ancestry.
   198 | D:1      | Gained mutation: You have sharp fingernails. [demonic
                  | ancestry]
   198 | D:1      | Reached XP level 2. HP: 19/24 MP: 2/2
   828 | D:1      | Reached XP level 3. HP: 28/29 MP: 3/3
  1292 | D:2      | Reached ** piety under Trog
  1388 | D:2      | Found a faded altar of an unknown god.
  1492 | D:2      | Found a hazy altar of Hepliaklqana.
  2028 | D:2      | Reached XP level 4. HP: 29/36 MP: 4/4
  2185 | D:3      | Found Keho Tou's Book Emporium.
  2276 | D:3      | Identified the ring of Qocaq {Ice Contam Dex+5}
  2791 | D:4      | Reached *** piety under Trog
  2977 | D:4      | Noticed Edmund
  3004 | D:4      | Killed Edmund
  3005 | D:4      | Gained mutation: You have very sharp fingernails. [demonic
                  | ancestry]
  3005 | D:4      | Reached XP level 5. HP: 20/42 MP: 5/5
  3145 | D:4      | Gained mutation: You regenerate magic rapidly. [demonic
                  | ancestry]
  3145 | D:4      | Reached XP level 6. HP: 18/48 MP: 6/6
  3422 | D:4      | HP: 2/45 [wight/+5 short sword of freezing (3)]
  3422 | D:4      | Slain by a wight

Illustrated notes

Levels and vault maps discovered:
D:1:      minmay_arrival_wavy_path, layout_loops_cross
D:2:      cheibrodos_greedy_goblins, layout_basic,
          hellmonk_ecumenical_altar_inner_sanctum, basic_altar
D:3:      layout_basic, serial_shops, nicolae_shop_waterfront
D:4:      layout_basic, nicolae_ru_the_path_less_chosen, kennysheep_mini_moat,
          lemuel_mausoleum_altar_yredelemnul, temple_fountains,
          cheibrodos_gnoll_hut, uniq_edmund

Skill      XL: |  1  2  3  4  5  6 |
---------------+-------------------+-----
Armour         | 2 3 |  3.5
Dodging        | 2 3 |  3.5
Axes           | 3 4 |  4.1
Fighting       | 4 |  4.6

Action                     |  1- 3 |  4- 6 || total
---------------------------+-------+-------++-------
  Melee: Hand axe          |   175 |   161 ||   336
         Punch             |     1 |     1 ||     2
 Invoke: Berserk           |       |     3 ||     3
    Use: Scroll            |       |     7 ||     7
         Potion            |       |     2 ||     2
   Stab: Distracted        |       |     1 ||     1
 Armour: Animal skin       |     9 |       ||     9
         Scale mail        |    44 |       ||    44
         Chain mail        |    45 |   106 ||   151
  Dodge: Dodged            |   118 |    62 ||   180

Table legend: (Time is in decaauts)
 A = Elapsed time spent in this place.
 B = Non-inter-level travel time spent in this place.
 C = Inter-level travel time spent in this place.
 D = Time resting spent in this place.
 E = Time spent auto-exploring this place.
 F = Levels seen in this place.
 G = Mean time per level.
                   A        B        C        D        E       F      G
               +--------+--------+--------+--------+--------+-----+--------+
         Total |   3482 |   3365 |    117 |    449 |   2139 |   4 |  870.5 |
       Dungeon |   3482 |   3365 |    117 |    449 |   2139 |   4 |  870.5 |
               +--------+--------+--------+--------+--------+-----+--------+

Top non-repeatable levels by time:
     D:2: 1200 daAuts
     D:1: 1008 daAuts
     D:4: 667 daAuts
     D:3: 605 daAuts
